 Dungeon Crawl Stone Soup version 0.18.1-50-g88ac8fd (webtiles) character file.

25 louiswho the Sneak (level 3, -6/24 HPs)
             Began as an Octopode Assassin on Mar 24, 2017.
             Mangled by a worm (8 damage)
             ... on level 2 of the Dungeon.
             The game lasted 00:26:57 (1683 turns).

louiswho the Sneak (Octopode Assassin)              Turns: 1683, Time: 00:26:58

Health: -6/24      AC:  1    Str: 10    XL:     3   Next: 6%
Magic:  3/3        EV: 11    Int: 13    God:
Gold:   107        SH:  0    Dex: 14    Spells: 0 memorised, 2 levels left

rFire  . . .     SeeInvis .     a - +2 dagger
rCold  . . .     Gourm    .     (no shield)
rNeg   . . .     Faith    +     (helmet restricted)
rPois  .         Spirit   .     l - amulet of faith {SCRANG}
rElec  .         Dismiss  .     (no ring)
rCorr  .         Reflect  .     (no ring)
SustAt .         Harm     .     (no ring)
MR     .....                    (no ring)
Stlth  ++++......               (no ring)
                                (no ring)
                                (no ring)
                                (no ring)

@: drained, not resistant to hostile enchantments, stealthy
A: almost no armour, amphibious, 8 rings, constrict 8, camouflage 1, gelatinous
body 1
a: no special abilities


You were on level 2 of the Dungeon.
You were full.

You visited 1 branch of the dungeon, and saw 2 of its levels.

You collected 107 gold pieces.

Inventory:

Hand Weapons
 a - a +2 dagger (weapon)
 b - a +0 blowgun
 e - a +0 dagger
 n - a +0 short sword
 q - a +0 whip
 t - a +0 whip
 w - a +0 whip
 x - a +0 club
 z - a +0 club
 A - a +0 club
 D - a +0 club
Missiles
 c - 8 poisoned needles
 d - 2 curare-tipped needles
 k - 49 stones (quivered)
 r - 11 bolts
 y - 4 large rocks
 B - 71 arrows
Armour
 i - a +0 scale mail
 m - a cursed +0 helmet
 E - a +0 chain mail
Jewellery
 l - an amulet of faith (around mantle) {SCRANG}
 v - an uncursed amulet of harm
Scrolls
 j - a scroll of enchant weapon {unknown}
 p - 3 scrolls of teleportation {unknown}
 u - a scroll of identify {unknown}
 C - a scroll of fear {unknown}
Potions
 o - a potion of degeneration {unknown}
 s - a potion of flight {unknown}
Comestibles
 f - 2 bread rations
 g - a meat ration
 h - a slice of pizza


   Skills:
 + Level 2.0(1.1) Fighting
 + Level 2.0(1.1) Short Blades
 + Level 2.3(1.4) Throwing
 + Level 1.3(0.4) Dodging
 + Level 6.1(5.1) Stealth
 * Level 0.1(0.0) Spellcasting


You had 2 spell levels left.
You didn't know any spells.

Dungeon Overview and Level Annotations

Branches:
Dungeon (2/15)

Altars:


Innate Abilities, Weirdness & Mutations

You cannot wear most types of armour.
You are amphibious.
You can wear up to eight rings at the same time.
You can use your tentacles to constrict eight enemies at once.
Your skin changes colour to match your surroundings (Stealth).
Your rubbery body absorbs attacks (AC +1).


Message History

Press: ? - help, Shift-Dir - straight line, f/p - worm
Aim: a worm You throw a stone.
The stone hits the worm.
The worm is lightly wounded.
Throwing (i - inventory):
k - 52 stones (quivered)
Press: ? - help, Shift-Dir - straight line, f/p - worm
Aim: a worm You throw a stone.
The stone hits the worm.
The worm is lightly wounded.
Throwing (i - inventory):
k - 51 stones (quivered)
Press: ? - help, Shift-Dir - straight line, f/p - worm
Aim: a worm You throw a stone.
The stone barely misses the worm.
Throwing (i - inventory):
k - 50 stones (quivered)
Press: ? - help, Shift-Dir - straight line, f/p - worm
Aim: a worm You throw a stone.
The stone hits the worm.
The worm is lightly wounded.
The worm bites you!
You die...

########
#.(((.(#
#(####.# #. #.#
##.####(# .
..##(# #.#.##.#
#.#.##w#
#....@.#
###.#### +## #.#
..## #.# ...##
## #.# ....##
##.###.#
....>####......#
.....+.......###
.....####...##


You could see a worm.

Vanquished Creatures
  An ooze (D:1)
  2 giant geckos
  4 bats (D:1)
  A giant cockroach (D:1)
  2 goblins (D:1)
  3 hobgoblins
  2 giant newts
  A kobold (D:1)
  3 rats (D:1)
19 creatures vanquished.

Notes
Turn   | Place    | Note
--------------------------------------------------------------
     0 | D:1      | louiswho the Octopode Assassin began the quest for the Orb.
     0 | D:1      | Reached XP level 1. HP: 14/14 MP: 1/1
   306 | D:1      | Reached XP level 2. HP: 19/19 MP: 2/2
   719 | D:1      | Reached skill level 6 in Stealth
  1524 | D:2      | Reached XP level 3. HP: 18/24 MP: 3/3
  1670 | D:2      | HP: 1/24 [worm (11)]
  1683 | D:2      | Mangled by a worm

Skill      XL: |  1  2 |
---------------+-------+-----
Stealth        | 6 |  6.1
Fighting       | |  2.0
Short Blades   | |  2.0
Throwing       | |  2.3
Dodging        | |  1.3
Spellcasting   | |  0.1

Action                   || total
-------------------------++-------
Melee: Dagger            ||    35
       Constrict         ||     8
       Tentacles         ||     5
       Blowgun           ||     2
Throw: Stone             ||    32
 Stab: Sleeping          ||     3
  Eat: Pizza             ||     1
       Meat ration       ||     1
Armor: Skin              ||     8
Dodge: Dodged            ||    19
